 Dungeon Crawl Stone Soup version 0.18.1-6-gd335043 (webtiles) character file.

22005 Esekla the Geomancer (level 12, -2/55 HPs)
             Began as a Felid Earth Elementalist on May 18, 2016.
             Was the Champion of Sif Muna.
             Slain by a blink frog (10 damage)
             ... on level 8 of the Lair of Beasts on May 19, 2016.
             The game lasted 08:09:12 (34754 turns).

Esekla the Geomancer (Felid Earth Elementalist)    Turns: 34754, Time: 08:09:12

Health: -2/55      AC:  3    Str:  4    XL:     12   Next: 59%
Magic:  20/37      EV: 19    Int: 21    God:    Sif Muna [******]
Gold:   1227       SH:  3    Dex: 17    Spells: 8 memorised, 1 level left
                                        Lives:  0   Deaths: 4

rFire  . . .     SeeInvis +     (weapon unavailable)
rCold  + . .     Gourm    .     (armour unavailable)
rNeg   . . .     Faith    .     (shield unavailable)
rPois  .         Spirit   .     (helmet unavailable)
rElec  .         Dismiss  .     (cloak unavailable)
rCorr  .         Reflect  +     (gloves unavailable)
SustAt .         Harm     .     (boots unavailable)
MR     +....                    y - +3 amulet of reflection
Stlth  +++.......               F - ring of wizardry
                                I - ring of magical power

@: quick, somewhat resistant to hostile enchantments, fairly stealthy
A: no armour, no weapons or thrown items, claws 1, fangs 3, see invisible,
carnivore 3, speed 1, shaggy fur 3, slow metabolism 1, sharp paws
a: Channel Energy, Forget Spell, Renounce Religion


You were on level 8 of the Lair of Beasts.
You worshipped Sif Muna.
Sif Muna was exalted by your worship.
You were full.

You visited 5 branches of the dungeon, and saw 23 of its levels.

You collected 1227 gold pieces.

Inventory:

Missiles
 a - 359 stones
Jewellery
 y - a +3 amulet of reflection (around neck)
 D - an uncursed ring of protection from fire
 F - a ring of wizardry (right paw)
 I - a ring of magical power (left paw)
 O - an uncursed ring of poison resistance
Wands
 b - a wand of lightning (9/15)
 h - a wand of polymorph (10/24)
 u - a wand of flame (20/48)
 v - a wand of lightning (4/15)
 A - a wand of disintegration (11/24)
 B - a wand of random effects (17/48)
 G - a wand of disintegration (16/24)
 J - a wand of random effects (22/48)
 N - a wand of iceblast (7/15)
 S - a wand of enslavement (17/24)
 U - a wand of lightning (7/15)
Scrolls
 e - a scroll of recharging
 g - 2 scrolls of identify
 i - 2 scrolls of immolation
 n - 2 scrolls of fear
 o - 4 scrolls of teleportation
 H - 6 scrolls of remove curse
 R - a scroll of fog
Potions
 d - 2 potions of brilliance
 j - 4 potions of flight
 m - a potion of heal wounds
 p - 5 potions of resistance
 q - 2 potions of ambrosia
 r - 3 potions of curing
 s - a potion of might
 w - 5 potions of lignification
 x - a potion of agility
 z - 2 potions of cure mutation
 K - a potion of berserk rage
Books
 t - a book of Geomancy

   Spells                             Type                      Level
   a - Sandblast                      Earth                        1
   b - Passwall                       Transmutation/Earth          2
   c - Stone Arrow                    Conjuration/Earth            3
   d - Petrify                        Transmutation/Earth          4
   e - Lee's Rapid Deconstruction     Earth                        5
 E - a book of Power

   Spells                             Type                      Level
   a - Fulminant Prism                Conjuration/Hexes            4
   b - Iskenderun's Mystic Blast      Conjuration                  4
   c - Venom Bolt                     Conjuration/Poison           5
   d - Bolt of Magma                  Conjuration/Fire/Earth       5
   e - Iron Shot                      Conjuration/Earth            6
   f - Orb of Destruction             Conjuration                  7
   g - Spellforged Servitor           Conjuration/Summoning        7
 L - a book of Fire

   Spells                             Type                      Level
   a - Ignite Poison                  Fire/Transmutation/Poison    3
   b - Fireball                       Conjuration/Fire             5
   c - Bolt of Fire                   Conjuration/Fire             6
   d - Delayed Fireball               Conjuration/Fire             7
   e - Ring of Flames                 Charms/Fire                  7
 P - Sif Muna's Guide on Shifting Confrontation
   (Sif Muna gifted it to you on level 3 of the Lair of Beasts)

   Spells                             Type                      Level
   a - Conjure Flame                  Conjuration/Fire             3
   b - Bolt of Fire                   Conjuration/Fire             6
   c - Chain Lightning                Conjuration/Air              8
 Q - Sif Muna's Almanac of Dark Combat Magic
   (Sif Muna gifted it to you on level 7 of the Lair of Beasts)

   Spells                             Type                      Level
   a - Magic Dart                     Conjuration                  1
   b - Sting                          Conjuration/Poison           1
   c - Searing Ray                    Conjuration                  2
   d - Stone Arrow                    Conjuration/Earth            3
   e - Force Lance                    Conjuration/Translocation    4
   f - Control Undead                 Necromancy                   4
   g - Bolt of Cold                   Conjuration/Ice              6
   h - Lehudib's Crystal Spear        Conjuration/Earth            8
 V - Nishru Nida's Collected Works on Attacks and Ignition
   (Sif Muna gifted it to you on level 6 of the Lair of Beasts)

   Spells                             Type                      Level
   a - Searing Ray                    Conjuration                  2
   b - Throw Frost                    Conjuration/Ice              2
   c - Iskenderun's Battlesphere      Conjuration/Charms           5
   d - Lehudib's Crystal Spear        Conjuration/Earth            8
 W - a book of Unlife

   Spells                             Type                      Level
   a - Recall                         Summoning/Translocation      3
   b - Animate Dead                   Necromancy                   4
   c - Control Undead                 Necromancy                   4
   d - Cigotuvi's Embrace             Necromancy                   5
   e - Death Channel                  Necromancy                   6
   f - Simulacrum                     Ice/Necromancy               6
Miscellaneous
 f - a plain deck of changes
 M - a fan of gales
 T - a plain deck of changes
Comestibles
 c - 5 meat rations
 k - 7 beef jerkies
 l - 13 slices of pizza
 C - 15 royal jellies


   Skills:
 - Level 7.6 Fighting
 + Level 8.1 Dodging
 - Level 3.0 Stealth
 + Level 11.0 Spellcasting
 + Level 8.2 Conjurations
   Level 3.6 Necromancy
 - Level 9.0 Transmutations
 * Level 8.1 Fire Magic
 - Level 11.3 Earth Magic
 - Level 3.7 Invocations
 - Level 6.0 Evocations


You had one spell level left.
You knew the following spells:

 Your Spells              Type           Power        Failure   Level  Hunger
a - Fireball              Conj/Fire      #####.....   2%          5    ####...
b - Petrify               Trmt/Erth      ######..     1%          4    #......
c - Stone Arrow           Conj/Erth      ######       1%          3    None
d - Lee's Rapid Deconstr  Erth           ######....   1%          5    ####...
e - Passwall              Trmt/Erth      ######....   1%          2    None
f - Irradiate             Conj/Trmt      #####.....   2%          5    ####...
g - Statue Form           Trmt/Erth      ######...    7%          6    ######.
h - Searing Ray           Conj           #####.       1%          2    None


Dungeon Overview and Level Annotations

Branches:
Dungeon (12/15)            Temple (1/1) D:6            Lair (8/8) D:11
  Swamp (0/4) Lair:5       Spider (1/4) Lair:6        Slime (1/6) Lair:6
    Orc (0/2) D:11

Altars:
Dithmenos
Fedhas
Gozag
Kikubaaqudgha
Makhleb
Nemelex Xobeh
Okawaru
Pakellas
Qazlal
Ru
Sif Muna
Trog
Vehumet
Xom
Yredelemnul
Zin
The Shining One
Jiyva

Shops:
D:10 [   D:11 [

Annotations:
D:5 Aak's ghost, novice DsBe
D:8 exclusion: oklob plant
D:9 Makenshine's ghost, novice DrTm
D:12 Adrasteia's ghost, journeyman DsFi
Lair:3 exclusion: oklob plant
Lair:5 exclusion: 5 oklob plants
Lair:7 exclusion: oklob plant


Innate Abilities, Weirdness & Mutations

You cannot wear armour.
You are incapable of wielding weapons or throwing items.
You have sharp claws.
You have razor-sharp teeth.
You have supernaturally acute eyesight.
You are carnivorous and can eat meat at any time.
You cover ground quickly.
Your thick and shaggy fur keeps you warm (AC +3, rC+).
You have a slow metabolism.
Your sharp claws are effective at attacking unaware monsters.


Message History

You scratch the blink frog but do no damage.
The blink frog is almost dead.
The blink frog barely misses you.
The blink frog hits you but does no damage.
The blink frog completely misses you. The blink frog closely misses you.
The blink frog completely misses you.
The blink frog blinks!
The blink frog closely misses you.
The blink frog blinks!
The blink frog hits you. The blink frog misses you.
The blink frog barely misses you.
You scratch the blink frog.
You kill the blink frog!
The blink frog completely misses you.
The blink frog blinks!
The blink frog completely misses you. x2; The blink frog misses you.
The blink frog completely misses you.
You revert to your normal fleshy form.
The elephant trumpets!
The blink frog misses you. The blink frog hits you! x2
* * * LOW HITPOINT WARNING * * *
The blink frog hits you!
You die...

#P..........#
.###.............P
..#.#............P
..................
..................
....F.............
...............
...............
.......@F......
.....)FF.......
.........Y.....
.......F.......
...............
.....
...............
.....
.............H.
.....
..............Y
..... .....


You could see 2 elephants, a hippogriff (wandering) and 5 blink frogs.

Vanquished Creatures
  Harold (Lair:2)
  9 hydras
  A catoblepas (Lair:6)
  5 death yaks
  The ghost of Iamsock the Shield-Bearer, a novice DsFi of Ashenzari (D:8)
  A hill giant (D:11)
  A wolf spider (Spider:1)
  An orb spider (Lair:6)
  A manticore (Lair:7)
  3 griffons (Lair:6)
  12 elephants
  2 black mambas
  2 torpor snails (Lair:6)
  6 komodo dragons
  10 spiny frogs
  5 rime drakes
  A demonic crawler (Spider:1)
  4 trolls
  A queen bee (Lair:6)
  A two-headed ogre (D:10)
  2 polar bears
  18 blink frogs
  Prince Ribbit (D:7)
  A boulder beetle (Lair:7)
  3 tarantellas (Spider:1)
  4 wyverns (Lair:7)
  A vampire (D:10)
  A spriggan (Lair:6)
  A wraith (D:10)
  2 shadows (D:11)
  5 basilisks
  18 yaks
  19 hippogriffs
  A human (D:7)
  8 insubstantial wisps (D:12)
  A mottled dragon (D:11)
  6 wargs
  20 water moccasins
  14 porcupines
  3 hell hounds
  3 ice beasts
  5 black bears
  A wasp (D:10)
  7 orc warriors
  A sky beast (D:6)
  8 ogres
  15 wolves
  2 centaurs
  A phantom (D:8)
  3 necrophages
  14 crocodiles
  16 giant frogs
  A wyvern zombie (D:9)
  A gnoll sergeant (D:7)
  7 scorpions
  24 killer bees
  5 wights (D:10)
  3 howler monkeys
  8 crimson imps
  2 giant frog zombies
  4 hounds
  3 jellies
  A quasit (D:11)
  2 centaur zombies
  4 orc priests
  A wasp zombie (D:10)
  12 orc wizards
  A centaur skeleton (D:11)
  2 giant frog skeletons
  12 iguanas
  5 worker ants
  25 sheep
  3 hound zombies
  2 hound skeletons
  3 mummies (D:10)
  A howler monkey zombie (D:10)
  12 adders
  6 gnolls
  22 river rats
  5 shadow imps
  12 white imps (D:12)
  An ooze (D:3)
  3 adder skeletons
  5 worms
  5 giant geckos
  58 orcs
  A ball python (D:4)
  20 bats
  7 giant cockroaches
  9 goblins
  4 hobgoblins
  18 jackals
  10 kobolds
  9 quokkas
  A giant gecko skeleton (D:6)
  A giant gecko zombie (D:7)
  4 giant newts
  10 rats
  A bush (Lair:5)
  4 fungi
633 creatures vanquished.

Vanquished Creatures (others)
  A centaur (D:10)
  2 ball lightnings (D:12)
  31 fungi
  12 plants
46 creatures vanquished.

Grand Total: 679 creatures vanquished

Notes
Turn   | Place    | Note
--------------------------------------------------------------
     0 | D:1      | Esekla the Felid Earth Elementalist began the quest for the Orb.
     0 | D:1      | Reached XP level 1. HP: 7/7 MP: 4/4
    53 | D:1      | Reached skill level 1 in Fighting
   112 | D:1      | Reached XP level 2. HP: 13/13 MP: 6/6
   119 | D:1      | Found a shimmering altar of Xom.
  1275 | D:2      | Reached XP level 3. HP: 14/16 MP: 2/7
  1827 | D:2      | Found a shadowy altar of Dithmenos.
  1829 | D:2      | Reached XP level 4. HP: 19/19 MP: 8/8
  2661 | D:3      | Reached XP level 5. HP: 19/22 MP: 2/9
  2694 | D:3      | Reached skill level 5 in Dodging
  2868 | D:3      | Learned a level 4 spell: Petrify
  2872 | D:3      | Learned a level 3 spell: Stone Arrow
  2876 | D:3      | Found a basalt altar of Yredelemnul.
  3635 | D:4      | Found an iron altar of Okawaru.
  3635 | D:4      | Found a glowing golden altar of the Shining One.
  4427 | D:4      | Gained mutation: You are covered in thick fur (AC +2). [Felid growth]
  4427 | D:4      | Reached XP level 6. HP: 26/26 MP: 9/11
  4452 | D:5      | Entered Level 5 of the Dungeon
  5262 | D:5      | Reached skill level 1 in Conjurations
  5365 | D:6      | Noticed an orc warrior
  5391 | D:5      | Killed an orc warrior
  5495 | D:5      | Noticed Aak's ghost (novice DsBe)
  5696 | D:6      | Reached XP level 7. HP: 16/30 MP: 3/12
  5882 | D:6      | Found a staircase to the Ecumenical Temple.
  5942 | D:6      | Reached skill level 5 in Earth Magic
  5954 | D:6      | Reached skill level 1 in Evocations
  6002 | Temple   | Entered the Ecumenical Temple
  6034 | Temple   | Became a worshipper of Sif Muna the Loreminder
  6457 | D:6      | Reached skill level 1 in Invocations
  6792 | D:6      | Reached XP level 8. HP: 10/33 MP: 0/14
  7548 | D:6      | Reached * piety under Sif Muna
  8624 | D:7      | Reached ** piety under Sif Muna
  8871 | D:7      | Found a sparkling altar of Nemelex Xobeh.
  8910 | D:7      | Reached skill level 5 in Transmutations
  8924 | D:7      | Reached skill level 5 in Spellcasting
  9534 | D:7      | Noticed Prince Ribbit
  9543 | D:7      | Killed Prince Ribbit
  9543 | D:7      | Reached XP level 9. HP: 34/36 MP: 5/18
 10432 | D:8      | Reached *** piety under Sif Muna
 10591 | D:8      | Found an opulent altar of Gozag.
 10592 | D:8      | Noticed an oklob plant
 10654 | D:8      | Noticed Iamsock's ghost (novice DsFi)
 10667 | D:8      | Learned a level 5 spell: Lee's Rapid Deconstruction
 11318 | D:9      | Noticed a troll
 11603 | D:8      | Killed a troll
 11745 | D:9      | Noticed a troll
 11777 | D:9      | Killed a troll
 12098 | D:8      | Killed Iamsock's ghost
 12098 | D:8      | Reached **** piety under Sif Muna
 12098 | D:8      | Reached XP level 10. HP: 19/40 MP: 1/21
 12862 | D:9      | Reached skill level 5 in Evocations
 12877 | D:9      | Noticed Makenshine's ghost (novice DrTm)
 12946 | D:10     | Entered Level 10 of the Dungeon
 12987 | D:10     | Found Deraud's Armour Shop.
 13959 | D:10     | Reached skill level 5 in Conjurations
 14016 | D:10     | Reached ***** piety under Sif Muna
 14705 | D:11     | Found a staircase to the Lair.
 14787 | D:10     | Learned a level 3 spell: Stone Arrow
 14806 | D:10     | Paralysed by a wasp for 3 turns
 15251 | D:10     | Learned a level 2 spell: Passwall
 15407 | D:11     | Reached XP level 11. HP: 46/46 MP: 18/24
 15523 | D:11     | Noticed a hill giant
 15963 | D:11     | Killed a hill giant
 16191 | D:11     | Noticed a white ugly thing
 16194 | D:11     | Found Duatz's Armour Boutique.
 16238 | D:11     | Found a staircase to the Orcish Mines.
 17390 | D:12     | Learned a level 5 spell: Irradiate
 17397 | D:12     | Noticed a five-headed hydra
 17492 | D:12     | Found a frozen archway.
 17789 | D:12     | Noticed Adrasteia's ghost (journeyman DsFi)
 17908 | D:11     | Mangled by a white ugly thing
 17909 | D:11     | Reached XP level 10. HP: -12/42 MP: 21/32
 17951 | Lair:1   | Entered Level 1 of the Lair of Beasts
 17995 | Lair:1   | Learned a level 6 spell: Statue Form
 18054 | Lair:1   | Noticed an eight-headed hydra
 18263 | Lair:1   | Noticed a seven-headed hydra
 18272 | Lair:1   | HP: 2/42 [seven-headed hydra (15)]
 18279 | Lair:1   | Killed a seven-headed hydra
 18681 | Lair:1   | Noticed a six-headed hydra
 18702 | Lair:1   | Slain by a six-headed hydra
 18703 | Lair:1   | Reached XP level 9. HP: -3/39 MP: 21/31
 18773 | Lair:1   | Noticed a spiny frog
 18778 | Lair:1   | Killed a spiny frog
 18932 | Lair:1   | Noticed a spiny frog
 19005 | Lair:1   | Killed a spiny frog
 19005 | Lair:1   | Reached XP level 10. HP: 42/42 MP: 23/23
 19080 | Lair:1   | Reached ****** piety under Sif Muna
 19080 | Lair:1   | Received a gift from Sif Muna
 19081 | Lair:1   | Identified Zogu's Disquisition on Dark Rites (Sif Muna gifted it to you on level 1 of the Lair of Beasts)
 19118 | Lair:1   | Killed an eight-headed hydra
 19232 | Lair:1   | Learned a level 1 spell: Pain
 19860 | Lair:2   | Reached skill level 1 in Necromancy
 19861 | Lair:2   | Killed a six-headed hydra
 19861 | Lair:2   | Reached skill level 10 in Earth Magic
 19869 | Lair:2   | Reached XP level 11. HP: 27/46 MP: 2/25
 20507 | D:12     | Noticed a six-headed hydra
 20615 | D:12     | Killed a six-headed hydra
 20615 | D:12     | Reached skill level 5 in Fighting
 20826 | Lair:2   | Noticed Harold
 20848 | Lair:2   | Killed Harold
 21743 | Lair:3   | Received a gift from Sif Muna
 21747 | Lair:3   | Identified Sif Muna's Guide on Shifting Confrontation (Sif Muna gifted it to you on level 3 of the Lair of Beasts)
 22152 | Lair:3   | Reached skill level 10 in Spellcasting
 22670 | Lair:3   | Noticed an oklob plant
 23179 | Lair:3   | Noticed an eight-headed hydra
 23188 | Lair:3   | Killed an eight-headed hydra
 23188 | Lair:3   | Gained mutation: Your thick and shaggy fur keeps you warm (AC +3, rC+). [Felid growth]
 23188 | Lair:3   | Reached XP level 12. HP: 21/52 MP: 15/27
 23460 | Lair:3   | Learned a level 5 spell: Fireball
 23785 | Lair:4   | Reached skill level 1 in Fire Magic
 23927 | Lair:4   | Noticed a five-headed hydra
 23959 | Lair:4   | Killed a five-headed hydra
 24373 | Lair:4   | Noticed a four-headed hydra
 24396 | Lair:4   | Killed a four-headed hydra
 24836 | Lair:5   | Found a staircase to the Swamp.
 24934 | Lair:5   | Noticed a six-headed hydra
 24946 | Lair:5   | Killed a six-headed hydra
 26834 | Lair:6   | Found a staircase to the Slime Pits.
 26834 | Lair:6   | Noticed a death yak
 26877 | Lair:6   | Killed a death yak
 26998 | Lair:6   | Found a hole to the Spider Nest.
 27040 | Lair:6   | Found a viscous altar of Jiyva.
 27272 | Lair:6   | Noticed a catoblepas
 27369 | Lair:6   | Received a gift from Sif Muna
 27370 | Lair:6   | Identified Nishru Nida's Collected Works on Attacks and Ignition (Sif Muna gifted it to you on level 6 of the Lair of Beasts)
 27394 | Lair:6   | Learned a level 2 spell: Searing Ray
 28239 | Lair:1   | Learned a level 5 spell: Iskenderun's Battlesphere
 28908 | Lair:1   | Learned a level 5 spell: Lee's Rapid Deconstruction
 29314 | Lair:6   | Noticed a death yak
 29325 | Lair:6   | Reached XP level 13. HP: 57/57 MP: 28/28
 30401 | Lair:6   | HP: 2/75 [death yak (3)]
 30401 | Lair:6   | Slain by a death yak
 30402 | Lair:6   | Reached XP level 12. HP: 0/70 MP: 5/36
 30683 | Lair:7   | Reached skill level 5 in Fire Magic
 31091 | Lair:7   | Noticed a six-headed hydra
 31104 | Lair:7   | Killed a six-headed hydra
 31572 | Slime:1  | Entered Level 1 of the Pits of Slime
 31659 | Spider:1 | Entered Level 1 of the Spider Nest
 32779 | Lair:7   | Reached XP level 13. HP: 32/58 MP: 6/29
 32793 | Lair:7   | Slain by an elephant
 32794 | Lair:7   | Reached XP level 12. HP: -1/55 MP: 6/37
 33031 | Lair:7   | Found a blossoming altar of Fedhas.
 33129 | Lair:7   | Received a gift from Sif Muna
 33130 | Lair:7   | Identified Sif Muna's Almanac of Dark Combat Magic (Sif Muna gifted it to you on level 7 of the Lair of Beasts)
 34328 | Lair:8   | Entered Level 8 of the Lair of Beasts
 34451 | Lair:8   | Noticed a death yak
 34452 | Lair:8   | Noticed a death yak
 34588 | Lair:8   | Noticed a death yak
 34595 | Lair:7   | Killed a death yak
 34599 | Lair:7   | Killed a death yak
 34754 | Lair:8   | Slain by a blink frog

Skill      XL: |  1  2  3  4  5  6  7  8  9 10 11 12 13 |
---------------+----------------------------------------+-----
Fighting       | 1 2 4 6 7 |  7.6
Earth Magic    | 3 4 6 7 8 10 11 | 11.3
Dodging        | 3 4 5 8 7 |  8.1
Stealth        | 3 |  3.0
Spellcasting   | 3 5 6 9 10 11 | 11.0
Conjurations   | 1 3 4 5 7 8 |  8.2
Transmutations | 2 3 5 6 7 9 |  9.0
Evocations     | 2 4 6 |  6.0
Invocations    | 1 3 |  3.7
Necromancy     | 1 3 |  3.6
Fire Magic     | 8 4 |  8.1

Action                   |  1- 3 |  4- 6 |  7- 9 | 10-12 | 13-15 || total
-------------------------+-------+-------+-------+-------+-------++-------
Melee: Unarmed           |   100 |   192 |   166 |   426 |   122 ||  1006
       Bite              |     7 |     8 |    15 |    44 |     7 ||    81
 Cast: Sandblast         |    26 |    73 |   109 |   154 |       ||   362
       Stone Arrow       |       |     8 |    90 |   720 |    45 ||   863
       Statue Form       |       |       |       |    28 |     8 ||    36
       Irradiate         |       |       |       |     4 |       ||     4
       Petrify           |       |       |       |     2 |       ||     2
       Pain              |       |       |       |     2 |       ||     2
       Fireball          |       |       |       |    14 |     1 ||    15
       Searing Ray       |       |       |       |     2 |     5 ||     7
       Iskenderun's Batt |       |       |       |     2 |       ||     2
Invok: Channel Energy    |       |       |       |     2 |       ||     2
       Forget Spell      |       |       |       |     1 |       ||     1
Evoke: Wand              |       |       |     4 |    14 |     2 ||    20
  Use: Scroll            |       |     9 |    10 |    20 |       ||    39
       Potion            |       |       |     2 |     9 |     1 ||    12
 Stab: Sleeping          |    16 |     6 |     7 |     5 |       ||    34
  Eat: Chunk             |     7 |     9 |    17 |    49 |     4 ||    86
       Meat ration       |       |       |       |       |     1 ||     1
Armor: Skin              |     9 |    21 |    10 |   386 |   108 ||   534
Dodge: Dodged            |    88 |   216 |   217 |  1578 |   439 ||  2538
Block: Other             |       |       |     9 |   172 |    48 ||   229
       Reflection        |       |       |       |     1 |       ||     1
